[Event "Early-Titled-Tuesday-Blitz-October-17-2023"]
[Site "Chess.com"]
[Date "2023.10.17"]
[Round "7"]
[White "Langua_Chess"]
[Black "SlavenPastar"]
[Result "0-1"]
[WhiteElo "2495"]
[BlackElo "2651"]
[TimeControl "180+1"]
[EndTime "9:18:47 PDT"]
[Termination "SlavenPastar won by resignation"]

1. e4 b6 2. d4 Bb7 3. Nc3 e6 4. Bd3 Nf6 5. Nf3 Bb4 6. Qe2 d5 7. e5 Ne4 8. O-O Nxc3 9. bxc3 Bxc3 10. Rb1 Nc6 11. Be3 Bb4 12. Rfc1 Be7 13. c4 dxc4 14.
Rxc4 Qd7 15. Qc2 O-O-O 16. d5 Na5 17. d6 Nxc4 18. dxe7 Nxe3 19. exd8=Q+ Rxd8 20. fxe3 Qxd3 21. Qxd3 Rxd3 22. Ng5 0-1

[Event "Early-Titled-Tuesday-Blitz-October-17-2023"]
[Site "Chess.com"]
[Date "2023.10.17"]
[Round "7"]
[White "temiksmozg"]
[Black "iJueles"]
[Result "1-0"]
[WhiteElo "2593"]
[BlackElo "2445"]
[TimeControl "180+1"]
[EndTime "9:18:47 PDT"]
[Termination "temiksmozg won by resignation"]

1. e4 c6 2. d4 d5 3. e5 Bf5 4. Nf3 e6 5. Be2 Nd7 6. O-O h6 7. c3 Ne7 8. Na3 g5 9. Nc2 Qc7 10. Ne3 Bg6 11. Ne1 Bg7 12. Bh5 c5 13. f4 O-O-O 14.
Bxg6 Nxg6 15. f5 exf5 16. Nxf5 Bf8 17. Nd3 c4 18. Nb4 Nb6 19. Be3 Re8 20. Qg4 Kb8 21. Nc2 Nd7 22. Bf2 Ka8 23. Bg3 Qc6 24. Rae1 Qe6 25. Nce3 Be7 26. Ng7 Qxg4 27. Nxg4 Ref8 28.
e6 fxe6 29. Nxe6 Rxf1+ 30. Rxf1 a6 31. Nc7+ Ka7 32. Nxd5 1-0

[Event "Early-Titled-Tuesday-Blitz-October-17-2023"]
[Site "Chess.com"]
[Date "2023.10.17"]
[Round "7"]
[White "Bauman_Guy"]
[Black "Karttunen"]
[Result "1-0"]
[WhiteElo "2847"]
[BlackElo "2574"]
[TimeControl "180+1"]
[EndTime "9:18:50 PDT"]
[Termination "Bauman_Guy won by resignation"]

1. e4 e5 2. Nf3 Nc6 3. Bb5 Nf6 4. O-O d6 5. d4 exd4 6. Nxd4 Bd7 7. Nc3 Nxd4 8. Qxd4 Be7 9. Bg5 Bxb5 10. Nxb5 O-O 11.
c4 a6 12. Nc3 Re8 13. Rfe1 Qd7 14. f3 Rad8 15. Rad1 Qc8 16. Be3 Bf8 17. Qd2 h6 18. Bd4 Nd7 19. Nd5 b6 20. b3 Qb7 21. Qf2 Rb8 22. Rc1 c6 23. Ne3 b5 24. Qg3 bxc4 25. Nxc4 Qc7 26. Red1 Ne5 27. Bxe5 dxe5 28. h4 Rbd8 29.
Kh2 Rxd1 30. Rxd1 f6 31. Qg4 Rd8 32. Qe6+ Kh8 33. Rxd8 Qxd8 34. Qxc6 f5 35. Kh3 Qe7 36. exf5 1-0

[Event "Early-Titled-Tuesday-Blitz-October-17-2023"]
[Site "Chess.com"]
[Date "2023.10.17"]
[Round "7"]
[White "Aash20"]
[Black "KatakuriDono"]
[Result "1-0"]
[WhiteElo "2548"]
[BlackElo "2388"]
[TimeControl "180+1"]
[EndTime "9:18:50 PDT"]
[Termination "Aash20 won by resignation"]

1. e4 e5 2. Nf3 Nc6 3. d4 exd4 4.
Bc4 Nf6 5. e5 d5 6. Bb5 Ne4 7.
Nxd4 Bd7 8. Bxc6 bxc6 9. O-O Bc5 10. f3 Ng5 11. f4 Ne4 12. Be3 Bb6 13. Nc3 Nxc3 14.
bxc3 c5 15. Nf3 Bc6 16. Qd2 Qd7 17. Qf2 c4 18. Nd4 Bb7 19. f5 O-O-O 20. e6 fxe6 21. fxe6 Qe7 22. Qf7 Rhe8 23. Qxe7 Rxe7 24. Bg5 Rxe6 25.
Bxd8 Kxd8 26. Rf8+ Ke7 27. Raf1 Rg6 28. R1f7+ Kd6 29.
Kf1 Bxd4 30. cxd4 c3 31. Rd8+ Kc6 32. Rdd7 Ba6+ 33. Kf2 Re6 34. Rxc7+ Kb6 35. Rxc3 Re2+ 36.
Kg3 Re4 37. Rf4 Re6 38. h3 Bc4 39. a3 a6 40. Kf3 Kb5 41. g4 Re1 42. Kf2 Rh1 43. Kg2 Rd1 44. Kg3 g5 45. Rf5 Rg1+ 46. Kh2 Rd1 47. Rxg5 Rxd4 48. Kg3 Rd1 49. Rh5 Rg1+ 50.
Kh4 Rh1 51. Rxh7 d4 52. Rh5+ 1-0

[Event "Early-Titled-Tuesday-Blitz-October-17-2023"]
[Site "Chess.com"]
[Date "2023.10.17"]
[Round "7"]
[White "ExcitingTrap"]
[Black "rikchessmx"]
[Result "1-0"]
[WhiteElo "2411"]
[BlackElo "2260"]
[TimeControl "180+1"]
[EndTime "9:18:57 PDT"]
[Termination "ExcitingTrap won by checkmate"]

1. e4 c5 2. Nf3 e6 3. d4 cxd4 4.
Nxd4 a6 5. Bd3 Qc7 6. O-O Nf6 7. c4 h5 8. Ne2 Bc5 9. Bf4 d6 10.
Nbc3 Nc6 11. a3 Ne5 12. b4 Ba7 13. Rc1 Ng6 14. Bg5 Ng4 15. Bb1 d5 16. Ng3 dxc4 17. b5 Nxh2 18. Kxh2 h4 19. e5 hxg3+ 20. Kxg3 Qxe5+ 21.
f4 Qc5 22. Qd8# 1-0

[Event "Early-Titled-Tuesday-Blitz-October-17-2023"]
[Site "Chess.com"]
[Date "2023.10.17"]
[Round "7"]
[White "Lion-Al-Messi"]
[Black "GMaka"]
[Result "1-0"]
[WhiteElo "2670"]
[BlackElo "2491"]
[TimeControl "180+1"]
[EndTime "9:19:02 PDT"]
[Termination "Lion-Al-Messi won by resignation"]

1. e4 c6 2. Nf3 d5 3. Nc3 Nf6 4. e5 Ne4 5. Ne2 e6 6. d3 Nc5 7. d4 Ncd7 8. Ng3 b6 9. Bd3 Ba6 10. O-O Bxd3 11. Qxd3 c5 12. c4 Nc6 13. cxd5 Nb4 14.
Qe4 Nxd5 15. Be3 c4 16. Rac1 b5 17. h3 Be7 18. Nh2 O-O 19. f4 g6 20. Ng4 h5 21. f5 exf5 22. Nh6+ Kh7 23. Nhxf5 N7b6 24. Nxh5 Nxe3 25. Nxe3 Bg5 26. Nf6+ Kg7 27. Nf5+ gxf5 28. Rxf5 Bxc1 29. Qg4+ 1-0

[Event "Early-Titled-Tuesday-Blitz-October-17-2023"]
[Site "Chess.com"]
[Date "2023.10.17"]
[Round "7"]
[White "TregubovP"]
[Black "GMSAGOR"]
[Result "1-0"]
[WhiteElo "2614"]
[BlackElo "2476"]
[TimeControl "180+1"]
[EndTime "9:19:03 PDT"]
[Termination "TregubovP won by resignation"]

1. e4 e5 2. Nf3 Nf6 3. Nxe5 d6 4. Nf3 Nxe4 5. c4 Be7 6. d3 Nf6 7. d4 O-O 8. Bd3 d5 9. O-O Bg4 10. h3 Bxf3 11. Qxf3 Nc6 12. Be3 dxc4 13. Bxc4 Nxd4 14.
Qd1 c5 15. Nc3 a6 16. a4 Rb8 17. a5 Qc7 18. Qa4 Rfd8 19. Rac1 h6 20. Rfe1 Bf8 21. Ba2 Rd7 22. b4 cxb4 23. Nd5 Nxd5 24. Rxc7 Nxc7 25.
Qxd7 Nce6 26. Bxd4 Rd8 27. Bxe6 1-0

[Event "Early-Titled-Tuesday-Blitz-October-17-2023"]
[Site "Chess.com"]
[Date "2023.10.17"]
[Round "7"]
[White "Mesa_1"]
[Black "secretsuperstar7"]
[Result "1-0"]
[WhiteElo "2592"]
[BlackElo "2461"]
[TimeControl "180+1"]
[EndTime "9:19:06 PDT"]
[Termination "Mesa_1 won by checkmate"]

1. e4 c5 2. Nf3 Nc6 3. Bb5 g6 4. O-O Bg7 5. Re1 Nf6 6. c3 O-O 7. d4 cxd4 8. cxd4 d5 9. e5 Ne4 10. Nc3 Bg4 11. Bxc6 Nxc3 12. bxc3 bxc6 13. h3 Bxf3 14.
Qxf3 Qa5 15. Bg5 Rfe8 16. h4 Rab8 17. h5 Rb2 18. hxg6 hxg6 19. Qh3 e6 20. Qh4 Qxc3 21. Re3 Qb4 22. Rh3 Rb1+ 23. Rxb1 Qxb1+ 24. Kh2 Qf5 25. g4 Qe4 26. Qh7+ Kf8 27. Qxg7+ Kxg7 28. Bf6+ Kf8 29. Rh8# 1-0

[Event "Early-Titled-Tuesday-Blitz-October-17-2023"]
[Site "Chess.com"]
[Date "2023.10.17"]
[Round "7"]
[White "HouseOfDurin"]
[Black "Tagliata"]
[Result "0-1"]
[WhiteElo "2271"]
[BlackElo "2137"]
[TimeControl "180+1"]
[EndTime "9:19:06 PDT"]
[Termination "Tagliata won on time"]

1. d4 Nf6 2. Bg5 Ne4 3. Bf4 c5 4. d5 Qb6 5. b3 Qf6 6. Bxb8 Rxb8 7. f3 Qh4+ 8. g3 Nxg3 9. hxg3 Qxh1 10. Kf2 g6 11. c3 h5 12. Bg2 Qh2 13. Nd2 h4 14.
Nf1 hxg3+ 15. Nxg3 Bh6 16. Nf1 Qh4+ 17. Ng3 Bf4 18.
e3 Qxg3+ 19. Kf1 Rh2 20. Qe2 Bxe3 21. Re1 e6 22. d6 b6 23. f4 Bxg1 24. Kxg1 Bb7 0-1

[Event "Early-Titled-Tuesday-Blitz-October-17-2023"]
[Site "Chess.com"]
[Date "2023.10.17"]
[Round "7"]
[White "vladislavkovalev"]
[Black "SchmakAttack"]
[Result "1-0"]
[WhiteElo "2874"]
[BlackElo "2733"]
[TimeControl "180+1"]
[EndTime "9:19:09 PDT"]
[Termination "vladislavkovalev won on time"]

1. e4 e5 2. Nf3 Nc6 3. Bb5 a6 4.
Ba4 Nf6 5. O-O d6 6. Bxc6+ bxc6 7. d4 exd4 8. Nxd4 c5 9. Nf3 Bb7 10. Re1 Be7 11. e5 dxe5 12. Nxe5 O-O 13. Qxd8 Raxd8 14. Nc3 Rfe8 15. Nc4 Nd5 16. Bd2 Nb6 17. Nxb6 1-0

[Event "Early-Titled-Tuesday-Blitz-October-17-2023"]
[Site "Chess.com"]
[Date "2023.10.17"]
[Round "7"]
[White "whiteglovethief"]
[Black "Tonychess32"]
[Result "1/2-1/2"]
[WhiteElo "2658"]
[BlackElo "2506"]
[TimeControl "180+1"]
[EndTime "9:19:09 PDT"]
[Termination "Game drawn by repetition"]

1. d4 e6 2. e4 d5 3. Nd2 dxe4 4.
Nxe4 Nd7 5. Nf3 Ngf6 6. Nxf6+ Nxf6 7. Be2 Be7 8. Be3 O-O 9. O-O b6 10. Ne5 Bb7 11. Bf3 Bxf3 12. Qxf3 Qd5 13. Qg3 g6 14.
c4 Qe4 15. Rfe1 Nh5 16. Qh3 Qc2 17. b3 Bd6 18. Qf3 Bxe5 19. dxe5 Qf5 20. Qc6 Rac8 21. h3 Ng7 22. Bh6 Rfd8 23. Re2 Qh5 24. Bxg7 Qxe2 25. Bf6 Rd1+ 26. Rxd1 Qxd1+ 27. Kh2 Qd2 28. Qb7 Qf4+ 29. Kg1 Qc1+ 30. Kh2 Qf4+ 31. Kg1 Qc1+ 32. Kh2 Qf4+ 1/2-1/2

[Event "Early-Titled-Tuesday-Blitz-October-17-2023"]
[Site "Chess.com"]
[Date "2023.10.17"]
[Round "7"]
[White "Hovik_Hayrapetyan"]
[Black "brm72"]
[Result "1-0"]
[WhiteElo "2798"]
[BlackElo "2539"]
[TimeControl "180+1"]
[EndTime "9:19:10 PDT"]
[Termination "Hovik_Hayrapetyan won by resignation"]

1. d4 Nf6 2. c4 e6 3. Nc3 Bb4 4. Nf3 O-O 5. Bg5 c5 6. Rc1 cxd4 7. Nxd4 Nc6 8. e3 h6 9. Bh4 g5 10. Bg3 Ne4 11. Bd3 Nxc3 12. bxc3 Ba3 13. Rb1 f5 14. Qh5 Qf6 15. h4 g4 16. Bf4 Kg7 17. f3 d6 18. fxg4 e5 19. Nxf5+ Bxf5 20. Rxb7+ Kg8 21. Bg5 Qg6 22. Qxg6+ Bxg6 23. Bxg6 hxg5 24. Bh7+ Kh8 25. hxg5 Rab8 26. Be4+ Kg8 27. Bd5+ 1-0

[Event "Early-Titled-Tuesday-Blitz-October-17-2023"]
[Site "Chess.com"]
[Date "2023.10.17"]
[Round "7"]
[White "ploxoi"]
[Black "mfwagnerpeixoto"]
[Result "1-0"]
[WhiteElo "2466"]
[BlackElo "2318"]
[TimeControl "180+1"]
[EndTime "9:19:17 PDT"]
[Termination "ploxoi won by resignation"]

1. d4 Nf6 2. c4 c5 3. d5 e5 4.
Nc3 d6 5. e4 Be7 6. g3 Nbd7 7.
Bg2 Nf8 8. Nf3 a6 9. a4 h5 10. h3 Ng6 11. Bg5 Rb8 12. Qd2 h4 13. Nxh4 Nxh4 14. Bxh4 Rxh4 15. gxh4 Nh5 16. Ne2 Bxh4 17.
Bf3 Nf4 18. Nxf4 exf4 19. Qxf4 Bf6 20. Bh5 Qb6 21. O-O Bxh3 22. Rfe1 Kf8 23. e5 dxe5 24. Rxe5 g6 25. Re6 fxe6 26. Qxf6+ Kg8 27. Qxg6+ Kh8 28. Qf6+ Kg8 29. Bf7+ 1-0

[Event "Early-Titled-Tuesday-Blitz-October-17-2023"]
[Site "Chess.com"]
[Date "2023.10.17"]
[Round "7"]
[White "Tobias_Koelle"]
[Black "Yeremyan_ChessMate"]
[Result "1-0"]
[WhiteElo "2954"]
[BlackElo "2737"]
[TimeControl "180+1"]
[EndTime "9:19:33 PDT"]
[Termination "Tobias_Koelle won by resignation"]

1. d4 Nf6 2. Nc3 g6 3. e4 d6 4.
f4 Bg7 5. Bd3 O-O 6. Nf3 e5 7.
fxe5 dxe5 8. d5 c6 9. dxc6 Nxc6 10. O-O h6 11. h3 Be6 12. Be3 Nh5 13. Qd2 Qe7 14. Nd5 Bxd5 15. exd5 e4 16. dxc6 exf3 17. Rxf3 bxc6 18. Bxh6 Qc5+ 19. Kh1 Bxb2 20. Raf1 Bg7 21. Bxg7 Nxg7 22. Rf6 Rad8 23. Qh6 Qh5 24. Qf4 Qc5 25. Qf3 Qe7 26. Bc4 Kh8 27. Bxf7 Nf5 28. Rxf5 gxf5 29.
Qh5+ 1-0

[Event "Early-Titled-Tuesday-Blitz-October-17-2023"]
[Site "Chess.com"]
[Date "2023.10.17"]
[Round "7"]
[White "diamonds13"]
[Black "Flaccidmoves"]
[Result "0-1"]
[WhiteElo "2285"]
[BlackElo "2419"]
[TimeControl "180+1"]
[EndTime "9:19:34 PDT"]
[Termination "Flaccidmoves won by resignation"]

1. d4 Nf6 2. c4 g6 3. Nc3 d5 4. Nf3 Bg7 5. h4 dxc4 6. e4 b5 7. e5 Nd5 8. Nxb5 c6 9. Nc3 Nb6 10. a4 a5 11. h5 Bg4 12. h6 Bf8 13. Rh4 Bxf3 14. Qxf3 e6 15. g3 Na6 16. Ne4 Be7 17.
Bg5 Bxg5 18. Nd6+ Kd7 19. Qxf7+ Qe7 20. Qf3 Bxh4 21. gxh4 Rhf8 22. Qe4 Nb4 23. Rc1 Nc8 24. Nxc4 Nd5 25. Ne3 Qb4+ 26. Kd1 Rxf2 27. Qd3 Nxe3+ 0-1

[Event "Early-Titled-Tuesday-Blitz-October-17-2023"]
[Site "Chess.com"]
[Date "2023.10.17"]
[Round "7"]
[White "Nekoo04"]
[Black "DarZay"]
[Result "1-0"]
[WhiteElo "2254"]
[BlackElo "2215"]
[TimeControl "180+1"]
[EndTime "9:19:35 PDT"]
[Termination "Nekoo04 won by resignation"]

1. d4 d5 2. c3 Nf6 3. Bf4 c6 4. e3 Bf5 5. Nf3 e6 6. Nbd2 Bd6 7. Ne5 h6 8. Be2 Ne4 9. Bh5 g6 10. g4 gxh5 11. gxf5 Qh4 12. Nxe4 dxe4 13. fxe6 fxe6 14. Ng6 Qh3 15. Bxd6 Rg8 16. Nf4 Qf5 17. Bxb8 Rxb8 18. Qxh5+ Kd7 19. Qxf5 exf5 20. Ke2 Rbf8 21. Rhg1 b5 22.
Rxg8 Rxg8 23. h4 Rg4 24. Rh1 a5 25. f3 exf3+ 26. Kxf3 Rg7 27. Kf2 Kd6 28. Rg1 Rxg1 29.
Kxg1 c5 30. Kf2 cxd4 31. exd4 Kc6 32. Kf3 Kd6 33. h5 Kc6 34. Ke3 b4 35. c4 Kd6 36.
Kd3 a4 37. d5 Ke5 38. Ng6+ Kf6 39. Kd4 Kg5 40. d6 Kf6 41. d7 1-0

[Event "Early-Titled-Tuesday-Blitz-October-17-2023"]
[Site "Chess.com"]
[Date "2023.10.17"]
[Round "7"]
[White "BeautiFullMindChess"]
[Black "Mourinho_Jose"]
[Result "0-1"]
[WhiteElo "2280"]
[BlackElo "2519"]
[TimeControl "180+1"]
[EndTime "9:19:39 PDT"]
[Termination "Mourinho_Jose won by resignation"]

1. e4 e5 2. Nf3 Nf6 3. Nxe5 d6 4. Nf3 Nxe4 5. d4 d5 6. Bd3 Nc6 7. O-O Be7 8. c4 Nb4 9. cxd5 Nxd3 10. Qxd3 Qxd5 11. Re1 Bf5 12. Nc3 Nxc3 13. Qxc3 c6 14. Bg5 f6 15. Bf4 Kf7 16. Rxe7+ Kxe7 17. Qb4+ c5 18.
dxc5 Kf7 19. Bd6 Rhe8 20. h4 Re4 21. Qa5 Rae8 22. Qc7+ Kg8 23. h5 Bg4 24. h6 Qf7 25. Qxf7+ Kxf7 26. Nd2 Re1+ 27. Rxe1 Rxe1+ 28. Kh2 Re2 29. Nc4 Be6 30. Na5 Rxb2 31. hxg7 Kxg7 32. a4 Bd7 33. g4 Rxf2+ 34. Kg3 Rb2 35. Nc4 Rb3+ 36. Kf4 Bxa4 37. Ne3 Bd7 38. Nd5 a5 39. Ne7 a4 0-1

[Event "Early-Titled-Tuesday-Blitz-October-17-2023"]
[Site "Chess.com"]
[Date "2023.10.17"]
[Round "7"]
[White "ukchessbomber"]
[Black "Laico"]
[Result "1-0"]
[WhiteElo "2651"]
[BlackElo "2453"]
[TimeControl "180+1"]
[EndTime "9:19:43 PDT"]
[Termination "ukchessbomber won on time"]

1. a3 e5 2. c4 f5 3. d3 Nf6 4. g3 Nc6 5. Bg2 a5 6. Nc3 Bc5 7. e3 d6 8. Nge2 O-O 9. O-O Qe8 10. Nd5 Qf7 11. Nec3 Be6 12. Nxf6+ Qxf6 13. Nd5 Qf7 14. Bd2 Kh8 15. b4 Ba7 16. bxa5 Bc5 17. Rb1 Nxa5 18.
Bxa5 Rxa5 19. Rxb7 Bxd5 20. Bxd5 Qf6 21. Rxc7 f4 22.
exf4 exf4 23. Qg4 fxg3 24. hxg3 Rxa3 25. Qe2 Qg6 26. Kg2 Rxd3 27. Be4 Rxf2+ 28. Qxf2 Qxe4+ 29. Kh2 1-0

[Event "Early-Titled-Tuesday-Blitz-October-17-2023"]
[Site "Chess.com"]
[Date "2023.10.17"]
[Round "7"]
[White "GlavkonVVS"]
[Black "BasilSmash"]
[Result "0-1"]
[WhiteElo "2564"]
[BlackElo "2499"]
[TimeControl "180+1"]
[EndTime "9:19:44 PDT"]
[Termination "BasilSmash won by resignation"]

1. Nf3 d5 2. g3 Bg4 3. Bg2 Nd7 4.
O-O c6 5. d3 Ngf6 6. Nbd2 e5 7.
c4 Bd6 8. Qc2 O-O 9. e4 dxe4 10.
dxe4 a5 11. b3 Re8 12. Bb2 Qc7 13. h3 Bh5 14. g4 Bg6 15. Nh4 Nc5 16. Nf5 Bf8 17. a3 Rad8 18. Rfd1 Nd3 19. Bc3 Bc5 20.
Rf1 Qb6 21. b4 axb4 22. axb4 Bxf2+ 23. Kh1 Bxf5 24. exf5 Bg3 25. c5 Qc7 26. Ne4 Nxe4 27.
Bxe4 Nf4 28. Rf3 Bh4 29. Rd1 Rxd1+ 30. Qxd1 Rd8 31. Qa1 f6 32. Qa2+ Qf7 33. Qc2 Qc4 34.
Qb2 Qxe4 0-1

[Event "Early-Titled-Tuesday-Blitz-October-17-2023"]
[Site "Chess.com"]
[Date "2023.10.17"]
[Round "7"]
[White "lefonghua"]
[Black "whitemirrorninja"]
[Result "0-1"]
[WhiteElo "2646"]
[BlackElo "2534"]
[TimeControl "180+1"]
[EndTime "9:19:46 PDT"]
[Termination "whitemirrorninja won by resignation"]

1. d4 e6 2. c4 b6 3. e4 Bb7 4. f3 g6 5. Nc3 Bg7 6. Be3 d6 7. Bd3 Nd7 8. Nge2 Ne7 9. O-O O-O 10. Qd2 e5 11. d5 f5 12. b4 f4 13. Bf2 g5 14. h3 h5 15. Rfc1 g4 16. hxg4 hxg4 17. Kf1 Ng6 18. c5 bxc5 19. bxc5 Nxc5 20. Bxc5 dxc5 21.
Na4 Qh4 22. Ng1 gxf3 23. gxf3 Bc8 24. Nxc5 Rf6 25. Bb5 Qg3 26. Bd7 Nh4 27. Qf2 Rg6 28. Be6+ Kh8 29. Bxc8 Qxf2+ 30. Kxf2 Rg2+ 31. Kf1 Rxc8 32. Ne6 Bf6 33. d6 Rcg8 34. Ne2 Nxf3 35. dxc7 Bh4 0-1

[Event "Early-Titled-Tuesday-Blitz-October-17-2023"]
[Site "Chess.com"]
[Date "2023.10.17"]
[Round "7"]
[White "Makswolf200817"]
[Black "surrenderPLS"]
[Result "1-0"]
[WhiteElo "2687"]
[BlackElo "2506"]
[TimeControl "180+1"]
[EndTime "9:19:46 PDT"]
[Termination "Makswolf200817 won by resignation"]

1. d4 Nf6 2. c4 e6 3. g3 d5 4. Bg2 dxc4 5. Nf3 c6 6. O-O b5 7.
Ne5 Bb7 8. a4 a6 9. b3 cxb3 10.
Qxb3 Bd6 11. Rd1 O-O 12. Bb2 Nd5 13. Nd2 f6 14. Nd3 Nd7 15. Ne4 N7b6 16. Nxd6 Qxd6 17. e4 bxa4 18. Qa2 Ne7 19. Ba3 Qd8 20. Qxe6+ Rf7 21. Rab1 Qc8 22. Qd6 Nc4 23. Qc5 Nxa3 24. Qxa3 Rb8 25.
Nc5 Ba8 26. Bf1 Rb5 27. Bc4 Kf8 28. Nxa4 c5 29. Bxb5 axb5 30. Nb6 1-0

[Event "Early-Titled-Tuesday-Blitz-October-17-2023"]
[Site "Chess.com"]
[Date "2023.10.17"]
[Round "7"]
[White "tarno17"]
[Black "stratacticos"]
[Result "1-0"]
[WhiteElo "2123"]
[BlackElo "1717"]
[TimeControl "180+1"]
[EndTime "9:19:46 PDT"]
[Termination "tarno17 won by resignation"]

1. e4 c5 2. Nf3 Nc6 3. Bb5 Na5 4. O-O a6 5. Be2 Nc6 6. c3 Nf6 7. e5 Nd5 8. d4 cxd4 9. cxd4 g6 10. Bc4 Nc7 11.
Bxf7+ Kxf7 12. Ng5+ Kg7 13. f4 h6 14. Ne4 d5 15. exd6 exd6 16. d5 Bf5 17. Ng3 Nxd5 18. Nxf5+ gxf5 19. Qxd5 Qb6+ 20. Kh1 Qc5 21. Qf3 Be7 22.
Nc3 Bf6 23. Nd5 Nd4 24. Qg3+ Kf7 25. Nxf6 Kxf6 26. Be3 Rae8 27. Rad1 Ne2 28. Qh4+ 1-0

[Event "Early-Titled-Tuesday-Blitz-October-17-2023"]
[Site "Chess.com"]
[Date "2023.10.17"]
[Round "7"]
[White "campochess"]
[Black "Sofia_Blokhin"]
[Result "1-0"]
[WhiteElo "2158"]
[BlackElo "2268"]
[TimeControl "180+1"]
[EndTime "9:19:48 PDT"]
[Termination "campochess won by resignation"]

1. d4 g6 2. Nf3 Bg7 3. g3 f5 4.
Bg2 Nf6 5. c4 O-O 6. Nc3 d6 7.
O-O Nc6 8. d5 Na5 9. Nd2 c5 10.
a3 b6 11. b4 Nb7 12. Bb2 Rb8 13. e4 fxe4 14. Ndxe4 Nxe4 15. Bxe4 e6 16. dxe6 Bxe6 17. Qd3 Bd4 18. Na4 Bxb2 19. Nxb2 Qf6 20. Ra2 Bh3 21. Bg2 Bxg2 22. Kxg2 Nd8 23. Nd1 Nc6 24. Qd5+ Kh8 25. Qxc6 Rbe8 26. Rd2 Rc8 27. Qxd6 Qf3+ 28. Kg1 Qxa3 29.
Qe5+ Kg8 30. Rd7 Rf7 31. Rxf7 Kxf7 32. Qd5+ Kf8 33. Re1 cxb4 34. Qd6+ Kg7 35. Re7+ Kg8 36. Qf6 Qa1 37. Qxa1 1-0

[Event "Early-Titled-Tuesday-Blitz-October-17-2023"]
[Site "Chess.com"]
[Date "2023.10.17"]
[Round "7"]
[White "PowerThinking2650"]
[Black "jraosam"]
[Result "0-1"]
[WhiteElo "2490"]
[BlackElo "2115"]
[TimeControl "180+1"]
[EndTime "9:19:50 PDT"]
[Termination "jraosam won by resignation"]

1. e4 d5 2. exd5 Qxd5 3. Nc3 Qd6 4. d4 Nf6 5. Nf3 Bg4 6. h3 Bxf3 7. Qxf3 c6 8. Bf4 Qxd4 9. Rd1 Qb4 10. a3 Qa5 11.
b4 Qxa3 12. Bc4 e6 13. O-O Bxb4 14. Bb3 Na6 15. Be5 Be7 16. Qg3 Nc5 17. Bd6 Bxd6 18. Qxd6 Qb4 19. Na4 Nfe4 20. Qc7 Nxa4 21. Qd7+ Kf8 22.
Rd4 Qe7 23. Qxe7+ Kxe7 24. Rxe4 Nc5 25. Rb4 b5 26. Ba2 a5 27. Rg4 g6 28. Re1 Rad8 29. h4 Rd2 30. h5 Rxc2 31. Bb1 Rd2 32. h6 Rhd8 33. Kh2 Rd1 34. Rxd1 Rxd1 35. Bc2 Rd2 36. Bxg6 fxg6 37. Rf4 e5 0-1

[Event "Early-Titled-Tuesday-Blitz-October-17-2023"]
[Site "Chess.com"]
[Date "2023.10.17"]
[Round "7"]
[White "wadsy27"]
[Black "venturov"]
[Result "1-0"]
[WhiteElo "2663"]
[BlackElo "2464"]
[TimeControl "180+1"]
[EndTime "9:19:52 PDT"]
[Termination "wadsy27 won by resignation"]

1. Nf3 Nf6 2. g3 b6 3. Bg2 Bb7 4. c4 e6 5. O-O Be7 6. b3 O-O 7. Bb2 c5 8. d4 cxd4 9. Qxd4 d6 10. Nc3 Nbd7 11. Rad1 a6 12. Rfe1 Qc7 13. e4 Rfd8 14.
h3 Rac8 15. Qe3 Qb8 16. Nd4 Ba8 17. g4 h6 18. Nce2 b5 19. cxb5 axb5 20. Ng3 d5 21. e5 Nh7 22. Ndf5 Bc5 23. Nxh6+ gxh6 24. Qxh6 Bf8 25. Qf4 Rc2 26. Bd4 Bg7 27. Nh5 Rdc8 28. g5 Ndf8 29. Nf6+ Bxf6 30. gxf6 Nxf6 31. Qxf6 Qb7 32.
Rd3 Rc1 33. Qg5+ Ng6 34. Rxc1 Rxc1+ 35. Qxc1 b4 36. Rg3 Qa6 37. h4 Kh7 38. h5 1-0

[Event "Early-Titled-Tuesday-Blitz-October-17-2023"]
[Site "Chess.com"]
[Date "2023.10.17"]
[Round "7"]
[White "Heinza9"]
[Black "Sekar24"]
[Result "0-1"]
[WhiteElo "2306"]
[BlackElo "2523"]
[TimeControl "180+1"]
[EndTime "9:19:52 PDT"]
[Termination "Sekar24 won by resignation"]

1. e4 e5 2. Nf3 Nc6 3. Nc3 Nf6 4. d4 exd4 5. Nd5 Nb4 6. Bc4 Nbxd5 7. exd5 Bb4+ 8. Bd2 Bxd2+ 9. Qxd2 Qe7+ 10. Qe2 Qxe2+ 11. Kxe2 c5 12. dxc6 dxc6 13. Nxd4 O-O 14. Rhe1 Bd7 15. Kf1 g6 16. a4 a5 17. Rad1 Rfe8 18. f3 Kf8 19.
Rxe8+ Bxe8 20. b3 c5 21. Nb5 Bxb5 22. Bxb5 Ke7 23. Ke2 Rd8 24. Re1 Kd6 25. Rd1+ Kc7 26. Rxd8 Kxd8 27. Kd3 Ke7 28. g3 b6 29. Bc4 Ne8 30. Ke4 Nc7 31. f4 f6 32. g4 h6 33.
f5 g5 34. c3 Kd6 35. h3 Ne8 36. Be6 Kc6 37. Bf7 Nd6+ 0-1

[Event "Early-Titled-Tuesday-Blitz-October-17-2023"]
[Site "Chess.com"]
[Date "2023.10.17"]
[Round "7"]
[White "maurovargas01"]
[Black "Resignify"]
[Result "0-1"]
[WhiteElo "1927"]
[BlackElo "2355"]
[TimeControl "180+1"]
[EndTime "9:19:57 PDT"]
[Termination "Resignify won on time"]

1. e4 d6 2. f4 Nf6 3. Nc3 g6 4. Nf3 Bg7 5. Bb5+ c6 6. Ba4 b5 7.
Bb3 b4 8. e5 bxc3 9. exf6 cxd2+ 10. Bxd2 Bxf6 11. Ng5 d5 12. c4 Bxb2 13. Rb1 Bf6 14.
O-O O-O 15. cxd5 cxd5 16. Qe1 e6 17. Qh4 h5 18. g4 Kg7 19. gxh5 Rh8 20. Qg3 Rxh5 21.
Bd1 Rh8 22. Nf3 Nd7 23. f5 exf5 24. Bc2 Nc5 25. Be3 Ne4 26. Qg2 Ba6 0-1

[Event "Early-Titled-Tuesday-Blitz-October-17-2023"]
[Site "Chess.com"]
[Date "2023.10.17"]
[Round "7"]
[White "WiktoriaPOL"]
[Black "wanyaland"]
[Result "0-1"]
[WhiteElo "2287"]
[BlackElo "2420"]
[TimeControl "180+1"]
[EndTime "9:19:58 PDT"]
[Termination "wanyaland won on time"]

1. c4 e5 2. Nc3 Nf6 3. Nf3 Nc6 4. e4 Bb4 5. d3 O-O 6. a3 Bxc3+ 7. bxc3 d6 8. g3 h6 9. Bg2 Nd7 10. O-O Nc5 11.
Ne1 f5 12. exf5 Bxf5 13. d4 Ne4 14. Bb2 Na5 15. Qe2 Ng5 16. dxe5 dxe5 17. Qxe5 c6 18. Qe2 Re8 19. Qh5 Qf6 20. Nf3 Nxf3+ 21. Bxf3 Nxc4 22.
Bc1 Bg6 23. Qh4 Qxf3 24. Qxc4+ Bf7 25. Qd4 Bd5 0-1

[Event "Early-Titled-Tuesday-Blitz-October-17-2023"]
[Site "Chess.com"]
[Date "2023.10.17"]
[Round "7"]
[White "Alexander_Donchenko"]
[Black "VincentKeymer"]
[Result "0-1"]
[WhiteElo "2877"]
[BlackElo "3087"]
[TimeControl "180+1"]
[EndTime "9:20:01 PDT"]
[Termination "VincentKeymer won by resignation"]

1. Nf3 c5 2. g3 Nf6 3. Bg2 Nc6 4. O-O e5 5. e4 Be7 6. Nc3 d6 7.
d3 Bg4 8. h3 Be6 9. Bg5 O-O 10. a4 h6 11. Bxf6 Bxf6 12. Nd2 g6 13. Nc4 Nd4 14. Nd5 Bg7 15. c3 Nc6 16. Rb1 Rc8 17.
b4 cxb4 18. cxb4 Nd4 19. b5 Bxd5 20. exd5 b6 21. h4 Rc5 22. Qd2 h5 23. Rfc1 Kh7 24. Ne3 Bh6 25. Rxc5 dxc5 26. Qe1 Bxe3 27. fxe3 Nf5 28. Kh2 Nd6 29. Qc3 Qe7 30. Rf1 f5 31.
Rf2 f4 32. Qe1 fxg3+ 33. Kxg3 Nf5+ 34. Kh2 Qxh4+ 35. Kg1 Rf6 36. Qc1 Qg5 37. Qe1 Nxe3 38. Qxe3 Qxe3 0-1